 Dungeon Crawl Stone Soup version 0.30-a0-802-gb92711bcdf (webtiles) character file.

Game seed: 8110042513402979412

1483 domi the Ruffian (level 8, -1/56 (59) HPs)
             Began as a Yellow Draconian Transmuter on Feb 24, 2023.
             Was a Follower of Nemelex Xobeh.
             Slain by a wight
             ... wielding a +4 mace
              (3 damage)
             ... on level 6 of the Dungeon.
             The game lasted 00:13:40 (4946 turns).

domi the Ruffian (Yellow Draconian Transmuter)      Turns: 4946, Time: 00:13:41

HP:   -1/56 (59)    AC:  8    Str: 13    XL:     8   Next: 50%
MP:   8/11          EV: 12    Int: 16    God:    Nemelex Xobeh [*.....]
Gold: 287           SH:  0    Dex: 11    Spells: 1/11 levels left

rFire   . . .      SeeInvis .      - Unarmed
rCold   . . .      Faith    .    (no shield)
rNeg    . . .      Spirit   .    (body armour unavailable)
rPois   .          Reflect  .    (helmet currently unavailable)
rElec   .          Harm     .    y - +0 cloak
rCorr   +          Rampage  .    g - +0 pair of gloves
Will    .....                    (boots currently unavailable)
Stlth   +                        (no amulet)
HPRegen 0.29/turn                (no ring)
MPRegen 0.12/turn                (no ring)

@: brilliant, appendages, flying, drained
A: horns 2, talons 2, spit acid, AC +6, unfitting armour, cold-blooded, acid
resistance
a: Breathe Acid, End Transformation, Renounce Religion, Draw Escape, Draw
Destruction, Draw Summoning


You were on level 6 of the Dungeon.
You worshipped Nemelex Xobeh.
Nemelex Xobeh was aware of your devotion.
You had temporarily grown beastly horns and talons.
You visited 1 branch of the dungeon, and saw 6 of its levels.

You collected 287 gold pieces.

Inventory:

Hand Weapons
 A - the +6 trident of Burning Disembowelment {heavy, rPois rC+ Dex+2}
   (You found it on level 5 of the Dungeon)

   Dex:       It affects your dexterity (+2).
   rC:        It protects you from cold.
   rPois:     It protects you from poison.
Armour
 g - a +0 pair of gloves (worn)
   (You found it on level 2 of the Dungeon)
 x - a +0 pair of gloves
   (You found it on level 5 of the Dungeon)
 y - a +0 cloak (worn)
   (You found it on level 5 of the Dungeon)
Jewellery
 f - an amulet of regeneration {+regen, !d}
   (You found it on level 2 of the Dungeon)
 l - an amulet of faith {Faith, !P!P}
   (You found it on level 3 of the Dungeon)
Wands
 a - a wand of roots (13)
   (You took it off Natasha on level 2 of the Dungeon)
 i - a wand of charming (6)
   (You found it on level 2 of the Dungeon)
 k - a wand of flame (11)
   (You found it on level 2 of the Dungeon)
 q - a wand of mindburst (19)
   (You found it on level 4 of the Dungeon)
 t - a wand of polymorph (13)
   (You took it off Ijyb on level 4 of the Dungeon)
Scrolls
 b - 11 scrolls of identify {unknown}
 d - 2 scrolls of fear {unknown}
 e - 2 scrolls of teleportation {unknown}
 m - a scroll of acquirement {unknown}
 p - 2 scrolls of blinking {unknown}
 r - a scroll of vulnerability {unknown}
 s - a scroll of enchant weapon {unknown}
 w - 3 scrolls of poison {unknown}
 z - a scroll of fog {unknown}
Potions
 c - a potion of flight
 h - a potion of cancellation
 j - a potion of degeneration {unknown}
 n - a potion of magic {unknown}
 o - 2 potions of might {unknown}
 u - a potion of brilliance
 B - a potion of mutation {unknown}


   Skills:
 - Level 1.1 Fighting
 - Level 1.7 Dodging
 + Level 6.5 Unarmed Combat
 - Level 2.0 Spellcasting
 + Level 6.0 Transmutations
 + Level 3.0 Ice Magic
 + Level 4.9 Poison Magic
 + Level 3.0 Invocations


You had one spell level left.
You knew the following spells:

 Your Spells              Type           Power      Damage    Failure   Level
c - Ice Form              Ice/Tmut       24%        N/A       32%         4
x - Spider Form           Tmut/Pois      28%        N/A       7%          3
y - Wereblood             Tmut           31%        N/A       2%          2
z - Beastly Appendage     Tmut           62%        N/A       1%          1

Your spell library contained the following spells:

 Spells                   Type           Power      Damage    Failure   Level
 Scorch                   Fire           4%         2d5       30%         2
 Flame Wave               Conj/Fire      2%         2d4       90%         4
 Summon Lightning Spire   Summ/Air       2%         N/A       90%         4
 Summon Cactus Giant      Summ           1%         N/A       100%        6
 Storm Form               Tmut/Air       8%         N/A       100%        7
 Maxwell's Capacitive Co  Air            1%         ∞         100%        8


Dungeon Overview and Level Annotations

Branches:
Dungeon (6/15)             Temple (0/1) D:5

Altars:
Elyvilon
Nemelex Xobeh
Sif Muna
Trog
Xom
Zin


Innate Abilities, Weirdness & Mutations

You have temporarily grown beastly horns and talons.
You can spit globs of acid.
Your golden yellow scales are hard. (AC +6)
You cannot fit into any form of body armour.
You are cold-blooded and may be slowed by cold attacks.
You are resistant to acid. (rCorr)


Message History

You feel drained.
You miscast Beastly Appendage.
Nothing appears to happen.
The wight hits you with a +0 hand axe.
You feel drained.
You closely miss the wight. You tail-slap the wight.
The wight hits you with a +0 hand axe.
* * * LOW HITPOINT WARNING * * *
You feel drained.
* * * LOW HITPOINT WARNING * * *
It was a potion of brilliance.
You feel clever all of a sudden. The wight hits you with a +0 hand axe.
* * * LOW HITPOINT WARNING * * *
You closely miss the wight. The wight hits you but does no damage.
You barely miss the wight.
You howl as the wereblood boils in your veins!
The wight hits you but does no damage.
Unknown command.
You hit the wight.
You feel a bit better.
You destroy the wight!
You hit the orc. Your punch misses the orc.
You howl as the wereblood boils in your veins!
You punch the orc!
You feel a bit better.
You kill the orc!
You closely miss the wight.
The wight hits you with a +1 dagger of freezing.
* * * LOW HITPOINT WARNING * * *
The wight freezes you.
* * * LOW HITPOINT WARNING * * *
Unknown command.
It was a potion of heal wounds.
You feel much better. The wight misses you.
You barely miss the wight. The wight barely misses you.
Unknown command.
You hit the wight. The wight closely misses you.
You barely miss the wight. The wight hits you but does no damage.
You barely miss the wight.
You howl as the wereblood boils in your veins!
Your primal bloodlust is almost over.
The wight hits you but does no damage.
You closely miss the wight. The wight closely misses you.
Your magical contamination has completely faded away.
You hit the wight but do no damage.
Your tail-slap misses the wight.
You howl as the wereblood boils in your veins!
You hit the wight but do no damage. The wight misses you.
You punch the wight! You tail-slap the wight.
You feel a bit better.
You destroy the wight!
You completely miss the wight. You tail-slap the wight. You punch the wight!
The wight hits you with a +4 hand axe. The orc misses you.
You barely miss the wight.
Your primal bloodlust has ended.
The wight hits you with a +4 hand axe! The orc hits you but does no damage.
You closely miss the wight. The wight closely misses you.
The orc hits you but does no damage.
You hit the wight but do no damage. The wight barely misses you.
The orc hits you from afar with a +0 trident!
You barely miss the wight.
Your tail-slap misses the wight.
The wight closely misses you. The orc closely misses you.
You closely miss the wight.
The orc hits you from afar with a +0 trident.
* * * LOW HITPOINT WARNING * * *
The wight hits you with a +4 hand axe.
* * * LOW HITPOINT WARNING * * *
You hit the wight. The orc hits you but does no damage.
The wight hits you with a +4 hand axe.
* * * LOW HITPOINT WARNING * * *
Unknown command.
You hit the wight but do no damage.
Unknown command.
You feel a surge of power!
You grow a pair of large bovine horns.
Your feet morph into talons.
The wight hits you with a +4 hand axe.
* * * LOW HITPOINT WARNING * * *
You feel drained. The orc hits you but does no damage.
You hit the wight.
You destroy the wight!
The orc closely misses you.
Your Transmutations skill increases to level 6!
Your Ice Magic skill increases to level 3!
Your Invocations skill increases to level 3!
It was a potion of flight.
You feel very buoyant.
You fly up into the air.
The orc misses you.
Okay, then.
The orc hits you but does no damage.
Items here: ))))))) [[[[[[ †††.
You punch the orc!
You kill the orc!
You barely miss the wight. Your kick misses the wight.
You headbutt the wight, but do no damage.
The wight barely misses you.
You punch the wight! Your kick misses the wight. You headbutt the wight.
The wight hits you with a +4 mace.
* * * LOW HITPOINT WARNING * * *
Unknown command.
You closely miss the wight. The wight hits you with a +4 mace.
* * * LOW HITPOINT WARNING * * *
You feel drained.
You die...
Your body disappears without a glow.

#.##.###.#....<#
#......#)#)#####
####.#.#.#.###
.>...#.#)#...#
.###.#.#.#.#.# .#
#.#.....#.# ###
.###.###.#.#.# .<.#
.#...###.#.#.#####...#
.#.#.....#.#.#..@zz..#
.#.#..##.#.#.#.###..##
.#....####.#.#.# .#
...........#.#.# #
..<...######.#.#
.###### #.#.# ......#
#.#.# #####.# #.#.#
#.#.#


You could see 2 wights.

Vanquished Creatures
  Grinder (D:3)
  A black bear (D:5)
  2 ogres (D:5)
  A centaur (D:6)
  A necrophage (D:4)
  2 scorpions
  3 wights (D:6)
  A hound (D:5)
  A jelly (D:4)
  An orc priest (D:5)
  2 iguanas
  Ijyb (D:4)
  Natasha (thrice) (D:2)
  An orc wizard (D:6)
  Robin (D:3)
  10 gnolls
  11 adders
  A shadow imp (D:6)
  A white imp (D:5)
  An ufetubus (D:5)
  3 worms
  13 orcs
  3 endoplasms
  8 giant cockroaches
  14 goblins
  9 hobgoblins
  2 jackals (D:5)
  6 kobolds
  5 quokkas
  13 ball pythons
  3 bats
  3 frilled lizards
  6 rats
134 creatures vanquished.

Notes
Turn   | Place    | Note
-------+----------+-------------------------------------------
     0 | D:1      | domi the Draconian Transmuter began the quest for the Orb.
     0 | D:1      | Reached XP level 1. HP: 16/16 MP: 3/3
    84 | D:1      | Reached XP level 2. HP: 15/23 MP: 5/5
   470 | D:2      | Reached XP level 3. HP: 28/28 MP: 6/6
   495 | D:2      | Reached skill level 3 in Transmutations
   550 | D:2      | Learned a level 2 spell: Wereblood
   554 | D:2      | Learned a level 3 spell: Spider Form
   602 | D:2      | Reached skill level 4 in Unarmed Combat
   602 | D:2      | Reached XP level 4. HP: 28/35 MP: 2/7
   608 | D:2      | Reached skill level 1 in Poison Magic
   610 | D:2      | HP: 2/35 [gnoll/+0 flail (7)]
   798 | D:2      | Noticed Natasha
   807 | D:2      | Killed Natasha
   977 | D:2      | Noticed Natasha
   993 | D:2      | Killed Natasha
   994 | D:2      | Reached XP level 5. HP: 20/40 MP: 8/8
  1000 | D:2      | HP: 10/40 [poisoned by an adder]
  1008 | D:2      | Reached skill level 2 in Poison Magic
  1106 | D:2      | Noticed Natasha
  1117 | D:2      | Killed Natasha
  1118 | D:2      | Reached skill level 4 in Transmutations
  1519 | D:2      | Found a faded altar of an unknown god.
  1951 | D:3      | Noticed Grinder
  1965 | D:3      | Killed Grinder
  1966 | D:3      | Reached skill level 5 in Unarmed Combat
  1966 | D:3      | Reached skill level 3 in Poison Magic
  1966 | D:3      | Reached XP level 6. HP: 14/47 MP: 6/9
  2194 | D:3      | Noticed Robin
  2202 | D:3      | Killed Robin
  2536 | D:3      | Found a shimmering blue altar of Sif Muna.
  2684 | D:4      | Your scales start taking on a golden yellow colour.
  2684 | D:4      | Reached XP level 7. HP: 51/52 MP: 10/10
  2684 | D:4      | Gained mutation: You are resistant to acid. (rCorr) [Yellow
                  | Draconian growth]
  2832 | D:4      | Noticed Ijyb
  2857 | D:4      | Killed Ijyb
  2858 | D:4      | Reached skill level 5 in Transmutations
  2977 | D:4      | Learned a level 4 spell: Ice Form
  3295 | D:4      | Found a sparkling altar of Nemelex Xobeh.
  3304 | D:4      | Became a worshipper of Nemelex Xobeh the Trickster
  3330 | D:5      | Entered Level 5 of the Dungeon
  3346 | D:5      | Reached skill level 1 in Ice Magic
  3346 | D:5      | Reached skill level 4 in Poison Magic
  3404 | D:5      | Found a bloodstained altar of Trog.
  3447 | D:5      | Found a shimmering altar of Xom.
  3471 | D:5      | Reached skill level 1 in Invocations
  3674 | D:5      | Reached skill level 6 in Unarmed Combat
  3805 | D:5      | Reached skill level 2 in Ice Magic
  3805 | D:5      | Reached skill level 2 in Invocations
  3805 | D:5      | Reached XP level 8. HP: 59/59 MP: 8/11
  3954 | D:5      | Found a staircase to the Ecumenical Temple.
  4135 | D:5      | Identified the +6 trident of Burning Disembowelment {heavy,
                  | rPois rC+ Dex+2}
  4269 | D:5      | Found a glowing silver altar of Zin.
  4269 | D:5      | Reached * piety under Nemelex Xobeh
  4273 | D:5      | Found a white marble altar of Elyvilon.
  4915 | D:6      | HP: 9/50 [wight/+0 hand axe (4)]
  4921 | D:6      | HP: 9/54 [wight/+1 dagger of freezing (5)]
  4936 | D:6      | HP: 13/56 [wight/+4 hand axe (3)]
  4941 | D:6      | Reached skill level 6 in Transmutations
  4941 | D:6      | Reached skill level 3 in Ice Magic
  4941 | D:6      | Reached skill level 3 in Invocations
  4945 | D:6      | HP: 8/58 [wight/+4 mace (2)]
  4946 | D:6      | HP: 2/58 [wight/+4 mace (6)]
  4946 | D:6      | Slain by a wight

Illustrated notes

Levels and vault maps discovered:
D:1:      dpeg_arrival_shrine, layout_basic, amcnicky_mini_rare_corridor_liquid
D:2:      layout_rooms, shapermc_ecumenical_altar_totnotflames, minmay_ruptured,
          uniq_natasha
D:3:      kennysheep_big_flooded_room, layout_loops_ring, lemuel_blue_sif_altar,
          minivault_4, uniq_robin, uniq_grinder
D:4:      layout_cave_pools, lemuel_round_altar, uniq_ijyb
D:5:      layout_basic, bloody_trog, old_standard_altar,
          grunt_temple_overflow_open, minmay_temple_entry_drinking_statues,
          kennysheep_minor_cross, kennysheep_small_square
D:6:      layout_basic, nicolae_wu_jian_immortal_techniques,
          minmay_ruined_shrine

Skill      XL: |  1  2  3  4  5  6  7  8 |
---------------+-------------------------+-----
Transmutations | 3 4 5 6 |  6.0
Unarmed Combat | 4 5 6 |  6.5
Poison Magic   | 1 3 4 |  4.9
Ice Magic      | 2 3 |  3.0
Invocations    | 2 3 |  3.0
Fighting       | |  1.1
Dodging        | |  1.7
Spellcasting   | |  2.0

Action                     |  1- 3 |  4- 6 |  7- 9 || total
---------------------------+-------+-------+-------++-------
  Melee: Unarmed           |   114 |   126 |   181 ||   421
         Tailslap          |    14 |    15 |     6 ||    35
         Punch             |     5 |     1 |     2 ||     8
         Headbutt          |     4 |    12 |     6 ||    22
         Kick              |     4 |    25 |    13 ||    42
   Cast: Beastly Appendage |     5 |    22 |     7 ||    34
         Wereblood         |     1 |     4 |     5 ||    10
         Spider Form       |       |       |    12 ||    12
Ability: Breathe Acid      |       |       |     6 ||     6
  Evoke: Wand              |       |     1 |       ||     1
    Use: Potion            |       |     3 |     3 ||     6
   Stab: Sleeping          |     1 |       |       ||     1
 Armour: Skin              |    36 |    50 |    32 ||   118
  Dodge: Dodged            |    87 |    56 |   125 ||   268

Table legend: (Time is in decaauts)
 A = Elapsed time spent in this place.
 B = Non-inter-level travel time spent in this place.
 C = Inter-level travel time spent in this place.
 D = Time resting spent in this place.
 E = Time spent auto-exploring this place.
 F = Levels seen in this place.
 G = Mean time per level.
                   A        B        C        D        E       F      G
               +--------+--------+--------+--------+--------+-----+--------+
         Total |   4935 |   4808 |    127 |    526 |   3448 |   6 |  822.5 |
       Dungeon |   4935 |   4808 |    127 |    526 |   3448 |   6 |  822.5 |
               +--------+--------+--------+--------+--------+-----+--------+

Top non-repeatable levels by time:
     D:2: 1231 daAuts
     D:5: 1148 daAuts
     D:3: 941 daAuts
     D:4: 719 daAuts
     D:6: 450 daAuts
     D:1: 444 daAuts

Table legend:
 A = Kills in this place as a percentage of kills in entire the game.
 B = Kills by you in this place as a percentage of kills by you in the entire game.
 C = Kills by friends in this place as a percentage of kills by friends in the entire game.
 D = Other kills in this place as a percentage of other kills in the entire game.
 E = Experience gained in this place as a percentage of experience gained in the entire game.
 F = Experience gained in this place divided by the number of levels of this place that you have seen.
                   A       B       C       D       E      F
               +-------+-------+-------+-------+-------+----------------------
         Total | 100.0 | 100.0 |   N/A |   N/A | 100.0 | 353.2
       Dungeon | 100.0 | 100.0 |   N/A |   N/A | 100.0 | 353.2
               +-------+-------+-------+-------+-------+----------------------
